[Event "Titled Tuesday Blitz May 10 Early 2022"]
[White "Xu, Yi"]
[Black "Aldokhin, Ivan"]
[WhiteFideId "8605564"]
[BlackFideId "24115720"]
[WhiteElo "2471"]
[BlackElo "2231"]
[Result "0-1"]
[Round "07"]
[TimeControl "180+1"]
[Date "2022.05.10"]
[WhiteClock "0:00:02"]
[BlackClock "0:00:02"]

1. e4 c5 2. Nf3 e6 3. d4 cxd4 4. Nxd4 a6 5. c4 Qc7 6. Nc3 Nf6 7. a3 d6 8. Be3 Nbd7 9. Be2 Be7 10. O-O b6 11. Rc1 Bb7 12. f3 O-O 13. b4 Rac8 14. Qd2 Rfe8 15. Kh1 Qb8 16. Nb3 Bd8 17. Rfd1 Bc7 18. Rc2 d5 19. cxd5 exd5 20. Nxd5 Nxd5 21. exd5 Bxh2 22. Rxc8 Bxc8 23. f4 Bg3 24. d6 Bb7 25. Bf3 Bxf3 26. gxf3 Qd8 27. Kg2 Bh4 28. Bd4 Re6 29. Be5 Nxe5 30. fxe5 Rxe5 31. d7 h6 32. Rc1 Qf6 33. Rc8+ Kh7 34. Qd3+ Rf5 35. d8=Q Qg6+ 36. Kf1 Bxd8 37. Rxd8 Qf6 38. Rd5 g6 39. Rxf5 gxf5 40. Nd4 Kg6 41. Ne2 Qe5 42. f4 Qe4 43. Qxa6 Qf3+ 44. Ke1 h5 45. Qxb6+ Kh7 46. Qg1 h4 47. Qh2 h3 48. Qg3 Qh1+ 49. Kf2 f6 50. Ng1 h2 51. Nf3 Qa1 52. Qxh2+ Kg7 53. Kg3 Qxa3 54. Qd2 Qb3 55. Qd7+ Kg6 56. Qd6 Qb1 57. Qf8 Qxb4 58. Qg8+ Kh6 0-1


[Site "https://www.chess.com"]

[Event "Titled Tuesday Blitz May 10 Early 2022"]
[White "Yurtseven, Melih"]
[Black "Cunha, Lucas Aguiar"]
[WhiteFideId "6312160"]
[BlackFideId "2125404"]
[WhiteElo "2160"]
[BlackElo "2361"]
[Result "1-0"]
[Round "07"]
[TimeControl "180+1"]
[Date "2022.05.11"]
[WhiteClock "0:02:33"]
[BlackClock "0:02:25"]

1. d4 Nf6 2. Nf3 c5 3. e3 b6 4. c4 cxd4 5. exd4 d5 6. Nc3 dxc4 7. Bxc4 e6 8. O-O a6 9. d5 b5 10. Bb3 b4 11. dxe6 bxc3 12. exf7+ Ke7 13. Re1+ 1-0


[Site "https://www.chess.com"]

[Event "Titled Tuesday Blitz May 10 Early 2022"]
[White "Zaksaite, Salomeja"]
[Black "Sailer, Mike"]
[WhiteFideId "12801496"]
[BlackFideId "2012901"]
[WhiteElo "1953"]
[BlackElo "2109"]
[Result "1-0"]
[Round "07"]
[TimeControl "180+1"]
[Date "2022.05.11"]
[WhiteClock "0:00:02"]
[BlackClock "0:00:32"]

1. e4 d5 2. exd5 Qxd5 3. Nc3 Qd6 4. Nf3 Nf6 5. d3 Bg4 6. g3 Nc6 7. Bg2 e5 8. O-O O-O-O 9. Re1 Nd4 10. h3 Nxf3+ 11. Bxf3 Bxh3 12. Qe2 Re8 13. a4 h5 14. Nb5 Qd7 15. Nxa7+ Kb8 16. Nb5 Bc5 17. Be3 Qe7 18. b3 h4 19. b4 Bxb4 20. Reb1 hxg3 21. fxg3 e4 22. dxe4 Nxe4 23. Ba7+ Kc8 24. Bd4 Nxg3 25. Qxe7 Bxe7 26. Na7+ Kb8 27. Rxb7+ Ka8 28. Rxc7+ Kb8 29. Rb7+ Ka8 30. Rb5+ Ne4 31. Bxe4# 1-0


[Site "https://www.chess.com"]

[Event "Titled Tuesday Blitz May 10 Early 2022"]
[White "Zemlyanskii, Ivan"]
[Black "Bintang, Rasyid A. Hidayat"]
[WhiteFideId "24249971"]
[BlackFideId "7105355"]
[WhiteElo "1815"]
[BlackElo "2449"]
[Result "0-1"]
[Round "07"]
[TimeControl "180+1"]
[Date "2022.05.11"]
[WhiteClock "0:00:05"]
[BlackClock "0:00:09"]

1. d4 d5 2. c4 Nc6 3. Nc3 Nf6 4. Nf3 Bf5 5. Bf4 e6 6. e3 Bb4 7. Be2 Ne4 8. Qb3 O-O 9. O-O Bxc3 10. bxc3 Na5 11. Qb4 c6 12. cxd5 exd5 13. Rac1 b5 14. Ne5 f6 15. Nd3 Nc4 16. Rfd1 a5 17. Qb3 Ned2 18. Qc2 Ne4 19. Bf3 Re8 20. Qe2 a4 21. Bg3 Qa5 22. Bxe4 Bxe4 23. Nc5 Bg6 24. Qg4 Qd8 25. h4 Qc8 26. Qf3 Qf5 27. Qe2 Bh5 28. f3 Rxe3 29. Qf2 Rae8 30. Re1 Rxe1+ 31. Rxe1 Qc8 32. Bh2 Rxe1+ 33. Qxe1 Qe8 34. Qg3 Bg6 35. Kh1 Bb1 36. Qc7 h5 37. Bg3 Qg6 38. Kh2 Qe8 39. Qb7 Nd2 40. Bf2 Nf1+ 41. Kg1 Nd2 42. Nd3 Bxd3 43. Qc7 Bc4 44. Kh2 Nb1 45. g4 hxg4 46. fxg4 Nxc3 47. h5 Qe2 0-1


[Site "https://www.chess.com"]

[Event "Titled Tuesday Blitz May 10 Early 2022"]
[White "Zhigalko, Sergei"]
[Black "Yuan, Qingyu"]
[WhiteFideId "13502956"]
[BlackFideId "8609772"]
[WhiteElo "2662"]
[BlackElo "2359"]
[Result "0-1"]
[Round "07"]
[TimeControl "180+1"]
[Date "2022.05.10"]
[WhiteClock "0:00:01"]
[BlackClock "0:00:01"]

1. e4 c6 2. d4 d5 3. e5 c5 4. Nf3 cxd4 5. Qxd4 Nc6 6. Qf4 e6 7. Bd3 Nb4 8. O-O Nxd3 9. cxd3 Ne7 10. Nc3 Ng6 11. Qg3 Be7 12. Ne2 O-O 13. Ned4 Bd7 14. Re1 Rc8 15. Bd2 Qb6 16. Bc3 Qa6 17. Red1 Bb5 18. Nxb5 Qxb5 19. h4 h5 20. a3 Qa4 21. d4 Qc2 22. Rd2 Qe4 23. Bb4 Bxb4 24. axb4 a6 25. Qg5 Qg4 26. b5 axb5 27. Ra5 Rc1+ 28. Kh2 f6 29. exf6 Rxf6 30. Rxb5 Rc7 31. Rb6 Rcf7 32. Re2 Rxf3 0-1


[Site "https://www.chess.com"]

[Event "Titled Tuesday Blitz May 10 Early 2022"]
[White "Zlatin, Alexander"]
[Black "Bai, Adelard"]
[WhiteFideId "2810549"]
[BlackFideId "16301188"]
[WhiteElo "2228"]
[BlackElo "2120"]
[Result "0-1"]
[Round "07"]
[TimeControl "180+1"]
[Date "2022.05.11"]
[WhiteClock "0:01:33"]
[BlackClock "0:00:47"]

1. d4 Nf6 2. Nc3 d5 3. Bf4 c5 4. e3 a6 5. Nf3 Nc6 6. dxc5 e6 7. Bd3 Bxc5 8. O-O O-O 9. e4 d4 10. e5 dxc3 11. exf6 gxf6 12. bxc3 f5 13. Ne5 Nxe5 14. Bxe5 Bd6 15. Qe2 Qc7 16. f4 Bxe5 17. fxe5 Qxc3 18. Rf3 Qxa1+ 19. Kf2 Qd4+ 20. Kf1 Kh8 21. Rh3 Qf4+ 22. Ke1 Rg8 23. g3 Qc1+ 24. Kf2 b5 25. Bxf5 exf5 26. e6 Bxe6 27. Qe5+ Rg7 28. Qxg7+ Kxg7 0-1


[Site "https://www.chess.com"]

[Event "Titled Tuesday Blitz May 10 Early 2022"]
[White "parintele_chess"]
[Black "Czerw, Dawid"]
[BlackFideId "1145746"]
[WhiteElo "2234"]
[BlackElo "2125"]
[Result "0-1"]
[Round "07"]
[TimeControl "180+1"]
[Date "2022.05.11"]
[WhiteClock "0:00:01"]
[BlackClock "0:00:21"]

1. d4 Nf6 2. Bf4 c5 3. e3 Qb6 4. Nc3 cxd4 5. exd4 e6 6. a3 a6 7. Nf3 Nc6 8. Be2 d5 9. O-O Bd7 10. Na4 Qa7 11. c3 b5 12. Nc5 Bxc5 13. dxc5 Qxc5 14. Be3 Qe7 15. b4 O-O 16. Bc5 Qd8 17. Bxf8 Qxf8 18. Bd3 Rc8 19. Re1 Qd6 20. Qe2 Ne7 21. Rac1 Ng6 22. Ne5 Nxe5 23. Qxe5 Qb6 24. h3 h6 25. Qd4 Qc7 26. Re3 Bc6 27. Qe5 Qe7 28. Rg3 Ne8 29. Qh5 Kh8 30. Re1 Bb7 31. Ree3 Rxc3 32. Ref3 Nd6 33. Rf4 f5 34. Qg6 Rc1+ 35. Kh2 Qf7 36. Qxf7 Nxf7 37. Rg6 Bc8 38. Rf3 Ne5 39. Re3 Nxg6 40. Bxf5 exf5 41. Re8+ Kh7 42. Rxc8 Rxc8 0-1


[Site "https://www.chess.com"]

[Event "Titled Tuesday Blitz May 10 Early 2022"]
[White "Aaditya Dhingra"]
[Black "Kosteniuk, Alexandra"]
[WhiteFideId "25678191"]
[BlackFideId "4128125"]
[WhiteElo "1849"]
[BlackElo "2469"]
[Result "0-1"]
[Round "08"]
[TimeControl "180+1"]
[Date "2022.05.11"]
[WhiteClock "0:00:01"]
[BlackClock "0:00:55"]

1. d4 Nf6 2. Nf3 d5 3. c4 e6 4. Nc3 dxc4 5. e3 a6 6. a4 b6 7. Bxc4 Bb7 8. O-O Bb4 9. Bd2 O-O 10. Re1 c5 11. dxc5 Bxc5 12. Qe2 Nc6 13. Rad1 Qe7 14. h3 Nb4 15. e4 h6 16. e5 Nfd5 17. Nxd5 Bxd5 18. Bxb4 Bxc4 19. Qxc4 Bxb4 20. Re4 a5 21. Red4 Rfc8 22. Qd3 Qe8 23. Rd7 Bc5 24. Nd2 Be7 25. Ne4 Rd8 26. Qb5 Bb4 27. R1d3 Rxd7 28. Rxd7 Rd8 29. Rxd8 Qxd8 30. Kh2 Qd5 31. Qe8+ Bf8 32. Ng3 Qxe5 33. Qc6 Qc5 34. Qd7 Qd6 35. Qc8 h5 36. h4 g6 37. Kh3 Kg7 38. Ne4 Qd3+ 39. f3 Be7 40. Qb7 Qd8 41. g3 Bf6 42. Nxf6 Kxf6 43. Qe4 Qd5 44. Qe3 Qf5+ 45. g4 hxg4+ 46. fxg4 Qc5 47. Qf3+ Kg7 48. Qb3 Qd4 0-1


[Site "https://www.chess.com"]

[Event "Titled Tuesday Blitz May 10 Early 2022"]
[White "Golubova, Anna"]
[Black "Iljin, Timofey"]
[WhiteFideId "24173606"]
[BlackFideId "14110180"]
[WhiteElo "2083"]
[BlackElo "2404"]
[Result "0-1"]
[Round "08"]
[TimeControl "180+1"]
[Date "2022.05.11"]
[WhiteClock "0:00:20"]
[BlackClock "0:01:59"]

1. d4 d5 2. Bf4 c5 3. e3 Nc6 4. c3 Nf6 5. Nd2 Bf5 6. Ngf3 e6 7. Qb3 Qc8 8. Be2 Be7 9. O-O h6 10. h3 c4 11. Qd1 b5 12. Ne5 O-O 13. Qc1 b4 14. Bd1 a5 15. Bc2 Bxc2 16. Qxc2 a4 17. a3 bxa3 18. bxa3 Nxe5 19. Bxe5 Nd7 20. Bg3 Qc6 21. e4 Bd6 22. exd5 exd5 23. Bxd6 Qxd6 24. Rfe1 Nf6 25. Rab1 Qxa3 26. Ra1 Qd6 27. Rxa4 Rxa4 28. Qxa4 Rb8 29. g3 Rb2 30. Rd1 Qe6 31. Qa3 Rxd2 32. Rxd2 Qe1+ 33. Kg2 Qxd2 34. Qa8+ Kh7 35. Qc8 Qd3 36. Qc7 Qxc3 37. Qxf7 Qxd4 38. Qe6 Qe4+ 39. Qxe4+ Nxe4 0-1


[Site "https://www.chess.com"]

[Event "Titled Tuesday Blitz May 10 Early 2022"]
[White "Ajay Krishna, S"]
[Black "Kozak, Antoni"]
[WhiteFideId "5096430"]
[BlackFideId "21832030"]
[WhiteElo "2247"]
[BlackElo "2322"]
[Result "0-1"]
[Round "08"]
[TimeControl "180+1"]
[Date "2022.05.11"]
[WhiteClock "0:00:39"]
[BlackClock "0:00:13"]

1. d4 f5 2. c4 Nf6 3. Nf3 g6 4. g3 Bg7 5. Bg2 O-O 6. O-O d6 7. Nc3 c6 8. Bg5 h6 9. Bxf6 Bxf6 10. e4 Bg7 11. Qe2 f4 12. c5 Na6 13. Rad1 dxc5 14. dxc5 Qe8 15. Nd4 e5 16. Qc4+ Kh7 17. Nb3 Be6 18. Qe2 Qf7 19. Qc2 f3 20. Bh1 Bxb3 21. axb3 Nxc5 22. b4 Ne6 23. Rd3 Nd4 24. Qd1 b5 25. Re1 a5 26. bxa5 Rxa5 27. Ree3 Rfa8 28. Bxf3 Ra1 29. Nb1 Nxf3+ 30. Rxf3 Qa2 31. Kg2 Rxb1 32. Qc2 Ra7 33. Rd8 Qxb2 34. Qxc6 Qc1 35. Qxc1 Rxc1 36. Rb8 Rb1 37. Rd3 b4 38. Rd5 Rf7 39. Rdb5 Bf8 40. Rxe5 Bd6 41. Rxb4 Rxb4 42. Rd5 Bf8 43. f4 Rxe4 44. Kf3 Rfe7 45. h4 Re1 46. h5 gxh5 47. Rxh5 R1e3+ 48. Kg4 Rg7+ 49. Kf5 Rexg3 50. Kf6 Be7+ 51. Ke6 Re3+ 52. Kf5 Reg3 53. Ke6 R3g6+ 54. Kf5 Rf6+ 55. Ke4 Rgf7 56. f5 Bf8 57. Ke5 Bd6+ 58. Ke4 Ba3 59. Ke5 Bc1 60. Ke4 Bg5 61. Ke5 Rxf5+ 62. Ke4 Ra5 63. Kd4 Be3+ 64. Kd3 Rxh5 0-1


[Site "https://www.chess.com"]

[Event "Titled Tuesday Blitz May 10 Early 2022"]
[White "Arabidze, Meri"]
[Black "Molina, Roberto Junio Brito"]
[WhiteFideId "13604040"]
[BlackFideId "2109450"]
[WhiteElo "2335"]
[BlackElo "2432"]
[Result "0-1"]
[Round "08"]
[TimeControl "180+1"]
[Date "2022.05.10"]
[WhiteClock "0:00:03"]
[BlackClock "0:00:20"]

1. Nf3 d5 2. g3 Bg4 3. Bg2 Nd7 4. O-O e6 5. d3 Ngf6 6. Nbd2 Be7 7. Qe1 O-O 8. e4 c5 9. e5 Ne8 10. c3 b5 11. Qe2 a5 12. h3 Bh5 13. Re1 b4 14. c4 Nb6 15. b3 a4 16. Rb1 axb3 17. axb3 Nc7 18. Nf1 Qd7 19. Bb2 Ra2 20. Ra1 Rfa8 21. Ne3 Bg6 22. Red1 Rxa1 23. Bxa1 Ra3 24. d4 Rxb3 25. dxc5 Bxc5 26. Nd4 Ra3 27. Bb2 Ra2 28. cxd5 Ncxd5 29. Nxd5 Nxd5 30. Nb3 Bf8 31. Rd2 Qa4 32. Nd4 Qa6 33. Qxa6 Rxa6 34. Bxd5 exd5 35. f4 Be4 36. Kf2 h5 37. Ke3 Ra8 38. Nb3 Rc8 39. Bd4 Bc2 40. Nc1 Bf5 41. Nb3 Bxh3 42. Ra2 Be6 43. Ra5 Rc2 44. Bc5 Rc3+ 45. Kd2 Rxb3 46. Ra8 Rxg3 47. Bxf8 b3 48. f5 Bxf5 49. e6 Rg2+ 50. Ke3 Bxe6 51. Kd4 Rg4+ 52. Ke5 Kh7 0-1


[Site "https://www.chess.com"]

[Event "Titled Tuesday Blitz May 10 Early 2022"]
[White "Ardila, Oscar Humberto"]
[Black "Jannatul, Ferdous"]
[WhiteFideId "4404742"]
[BlackFideId "10212590"]
[WhiteElo "1928"]
[BlackElo "1707"]
[Result "1-0"]
[Round "08"]
[TimeControl "180+1"]
[Date "2022.05.11"]
[WhiteClock "0:02:03"]
[BlackClock "0:02:01"]

1. d4 d5 2. c4 c6 3. Nf3 Nf6 4. Nc3 e6 5. Bf4 Nbd7 6. e3 b6 7. Be2 Bb7 8. O-O Be7 9. Rc1 Nh5 10. Be5 O-O 11. cxd5 cxd5 12. Nb5 a6 13. Bc7 Qe8 14. Nd6 Bxd6 15. Bxd6 Rc8 16. Ne5 Nxe5 17. dxe5 Rxc1 18. Qxc1 g6 19. Bxh5 gxh5 20. Bxf8 Qxf8 21. Qc7 Qa8 22. Qe7 d4 23. Qg5+ Kh8 24. exd4 Bd5 25. Rc1 Bxa2 26. Rc7 Qf8 27. Qf6+ Kg8 28. Rd7 Bd5 29. Rd8 1-0


[Site "https://www.chess.com"]

[Event "Titled Tuesday Blitz May 10 Early 2022"]
[White "Aslanov, Umid"]
[Black "Janaszak, Dawid"]
[WhiteFideId "13412620"]
[BlackFideId "1119206"]
[WhiteElo "1796"]
[BlackElo "2199"]
[Result "0-1"]
[Round "08"]
[TimeControl "180+1"]
[Date "2022.05.11"]
[WhiteClock "0:00:32"]
[BlackClock "0:00:18"]

1. e4 c5 2. b4 e5 3. bxc5 Bxc5 4. c3 Nc6 5. Nf3 Nf6 6. Bd3 O-O 7. Bc2 d5 8. exd5 e4 9. d4 exd3 10. Qxd3 Re8+ 11. Kf1 Qxd5 12. Qxd5 Nxd5 13. Nbd2 Nxc3 14. Bb2 Nd5 15. Ng5 h6 16. Nge4 Bd4 17. Bxd4 Nxd4 18. Bd3 Bf5 19. Nc5 Bxd3+ 20. Nxd3 Rac8 21. h4 Rc2 22. Nb3 Nf5 23. Ne1 Rb2 24. Nd3 Rc2 25. Ne1 Rce2 26. g4 Nd6 27. Rh3 Nf4 28. Rf3 Ng6 29. Rd1 Nc4 30. h5 Nf8 31. Rf4 b5 32. Nd4 Nd2+ 33. Kg2 Rxe1 34. Rxd2 a6 35. Nf5 R1e6 36. Rd7 Nxd7 37. Rd4 Nf8 38. f3 Re2+ 39. Kg3 Rxa2 40. Nd6 Rd8 41. Nxb5 Rxd4 42. Nxd4 a5 43. Nc2 a4 44. g5 hxg5 45. Na3 Rxa3 46. Kg4 Rxf3 47. Kxg5 a3 48. h6 a2 49. h7+ Nxh7+ 50. Kh5 a1=Q 51. Kh4 Qd4+ 52. Kh5 g6+ 53. Kh6 Qg7# 0-1


[Site "https://www.chess.com"]

[Event "Titled Tuesday Blitz May 10 Early 2022"]
[White "Atakhan, Abtin"]
[Black "Sanchez, Robert"]
[WhiteFideId "22502203"]
[BlackFideId "2034360"]
[WhiteElo "2094"]
[BlackElo "2182"]
[Result "1-0"]
[Round "08"]
[TimeControl "180+1"]
[Date "2022.05.11"]
[WhiteClock "0:00:05"]
[BlackClock "0:00:07"]

1. c4 c6 2. Nf3 Nf6 3. Nc3 d5 4. e3 g6 5. d4 Bg7 6. Be2 Bg4 7. O-O Bxf3 8. Bxf3 e6 9. b3 O-O 10. Bb2 Nbd7 11. Qc2 Re8 12. Rad1 Qa5 13. Rfe1 Rac8 14. e4 dxc4 15. bxc4 e5 16. Qa4 Qb6 17. Qc2 Qa6 18. Na4 exd4 19. Bxd4 Ne5 20. Be2 c5 21. Nxc5 Qc6 22. f4 Ned7 23. Nxd7 Nxd7 24. e5 Nc5 25. Bf3 Qa6 26. Bxc5 Rxc5 27. Rd7 Rxc4 28. Qd2 Qb6+ 29. Kh1 Bh6 30. Rxb7 Qc5 31. Qd7 Rf8 32. e6 Rc1 33. Rb1 Rxb1 34. Rxb1 Qc2 35. Re1 Qf2 36. Rd1 Bxf4 37. e7 Qh4 38. exf8=Q+ Kxf8 39. Qd8+ Qxd8 40. Rxd8+ 1-0


[Site "https://www.chess.com"]

[Event "Titled Tuesday Blitz May 10 Early 2022"]
[White "Azarov, Sergei"]
[Black "De Silva, L M S T"]
[WhiteFideId "13501470"]
[BlackFideId "9953698"]
[WhiteElo "2494"]
[BlackElo "1631"]
[Result "0-1"]
[Round "08"]
[TimeControl "180+1"]
[Date "2022.05.10"]
[WhiteClock "0:00:32"]
[BlackClock "0:01:28"]

1. e4 e5 2. Nf3 Nc6 3. Bb5 a6 4. Ba4 Nf6 5. O-O b5 6. Bb3 Bb7 7. d3 Be7 8. Nc3 O-O 9. a4 Nd4 10. axb5 Nxb3 11. cxb3 axb5 12. Rxa8 Bxa8 13. Bg5 b4 14. Bxf6 Bxf6 15. Na4 d5 16. Nc5 Qd6 17. Qc2 Rd8 18. h3 dxe4 19. Nxe4 Qxd3 20. Nxf6+ gxf6 21. Qxc7 Bxf3 22. gxf3 Kh8 23. Kh2 Rg8 24. Qc6 Qg6 0-1


[Site "https://www.chess.com"]

[Event "Titled Tuesday Blitz May 10 Early 2022"]
[White "Bach, Ngoc Thuy Duong"]
[Black "Al-Tarboush, Ward"]
[WhiteFideId "12408956"]
[BlackFideId "7601450"]
[WhiteElo "1862"]
[BlackElo "2294"]
[Result "0-1"]
[Round "08"]
[TimeControl "180+1"]
[Date "2022.05.11"]
[WhiteClock "0:00:01"]
[BlackClock "0:00:08"]

1. d4 b6 2. c4 Bb7 3. Nc3 Nf6 4. Qc2 d5 5. cxd5 Nxd5 6. e4 Nxc3 7. bxc3 e6 8. Nf3 Be7 9. Bd3 c5 10. O-O O-O 11. Bb2 Qc7 12. Qe2 Nc6 13. Rac1 Rac8 14. d5 Na5 15. c4 f6 16. Rfd1 e5 17. Nh4 Rcd8 18. Nf5 Bc8 19. Bb1 Nb7 20. Rc3 Nd6 21. Rh3 Nxf5 22. exf5 Bd6 23. Qh5 h6 24. Be4 Qf7 25. Qg4 Kh8 26. Bc1 Rd7 27. Rdd3 Kh7 28. Rdg3 Rh8 29. Bxh6 Kg8 30. Bc1 Ba6 31. Rxh8+ Kxh8 32. Rh3+ Kg8 33. Qh4 Kf8 34. Bd3 Ke7 35. Rg3 Kd8 36. Rg6 Kc7 37. Be3 Bb7 38. h3 b5 39. Qe4 b4 40. Qf3 a5 41. Be4 a4 42. Qe2 Qe8 43. Qc2 Qa8 44. Bf3 Qa5 45. Bd1 b3 46. axb3 axb3 47. Qxb3 Qe1+ 48. Kh2 e4+ 49. g3 Qb4 50. Qxb4 cxb4 51. Bb3 Be5 52. Rg4 Rd8 53. Rxe4 Ra8 54. f4 Bd6 0-1


[Site "https://www.chess.com"]

[Event "Titled Tuesday Blitz May 10 Early 2022"]
[White "Bacrot, Etienne"]
[Black "Oparin, Grigoriy"]
[WhiteFideId "605506"]
[BlackFideId "24125890"]
[WhiteElo "2673"]
[BlackElo "2665"]
[Result "0-1"]
[Round "08"]
[TimeControl "180+1"]
[Date "2022.05.10"]
[WhiteClock "0:00:01"]
[BlackClock "0:00:08"]

1. e4 e5 2. Nf3 Nc6 3. Bb5 Nf6 4. O-O Nxe4 5. d4 Nd6 6. Bxc6 dxc6 7. dxe5 Nf5 8. Qxd8+ Kxd8 9. h3 Ke8 10. Nc3 h6 11. b3 Bd7 12. Bb2 Rd8 13. Rad1 Be7 14. Ne2 c5 15. e6 Bxe6 16. g4 Rxd1 17. Rxd1 Nd4 18. Nexd4 cxd4 19. Nxd4 Bd7 20. Ne2 h5 21. f3 hxg4 22. hxg4 Bc6 23. Kg2 Bd6 24. Nd4 f6 25. Nxc6 Rh2+ 26. Kg1 Rxc2 27. Nxa7 Rxb2 28. Nb5 Kd7 29. Nc3 Rc2 30. Rd3 Ke7 31. a4 c6 32. Ne4 Bf4 33. Kf1 g6 34. b4 b6 35. Rc3 Rxc3 36. Nxc3 Bd2 37. Na2 Kd6 38. Ke2 Bf4 39. Kd3 f5 40. gxf5 gxf5 41. Nc3 Bg3 42. Nb1 Be1 43. Nd2 b5 44. axb5 cxb5 45. f4 Kd5 46. Nf1 Bxb4 47. Ne3+ Ke6 48. Kd4 Bd2 49. Nd5 b4 50. Kc4 Kd6 51. Nb6 Bc3 52. Kb3 Be1 53. Nc4+ Kd5 0-1


[Site "https://www.chess.com"]

[Event "Titled Tuesday Blitz May 10 Early 2022"]
[White "Barp, Alberto"]
[Black "Lashkin, Jegor"]
[WhiteFideId "872555"]
[BlackFideId "13907808"]
[WhiteElo "2229"]
[BlackElo "2368"]
[Result "1-0"]
[Round "08"]
[TimeControl "180+1"]
[Date "2022.05.10"]
[WhiteClock "0:00:04"]
[BlackClock "0:00:04"]

1. d4 Nf6 2. Nf3 d5 3. Bf4 e6 4. e3 Bd6 5. Bd3 Bxf4 6. exf4 O-O 7. Nbd2 b6 8. Qe2 c5 9. c3 a5 10. Ne5 Ba6 11. O-O Bxd3 12. Qxd3 Qc7 13. Rac1 Nc6 14. a3 c4 15. Qc2 Ne7 16. a4 Rab8 17. Rfe1 b5 18. axb5 Rxb5 19. Ra1 Rfb8 20. Ra2 Nf5 21. Nf1 Nd6 22. Ne3 g6 23. g3 Kg7 24. Kg2 Qb7 25. Re2 Qc7 26. h3 h5 27. Kh2 Nde4 28. Kg2 Rb3 29. f3 Nd6 30. g4 a4 31. Kg1 Ra8 32. Rg2 hxg4 33. hxg4 a3 34. Rxa3 Raxa3 35. bxa3 Qa5 36. N3xc4 dxc4 37. Nxc4 Nxc4 38. Qxb3 Ne3 39. Re2 Ned5 40. f5 Nf4 41. Rh2 exf5 42. Qb8 N4h5 43. gxh5 Qxc3 44. h6+ Kh7 45. Qe5 Qc1+ 46. Kg2 Qg5+ 47. Kf2 Qd2+ 48. Kf1 Qc1+ 49. Qe1 Qc4+ 50. Kg2 Qxd4 51. Qe7 Qd2+ 52. Kh3 Qd5 53. Rf2 Nh5 54. Kg2 Nf4+ 55. Kh2 Nh5 56. Qf8 Qe5+ 57. f4 Qf6 58. Kg2 g5 59. fxg5 Qxg5+ 60. Kf1 Qc1+ 61. Ke2 Ng3+ 62. Kf3 Qg5 63. Qxf7+ Kxh6 64. Rh2+ Nh5 65. Qxh5+ Qxh5+ 66. Rxh5+ Kxh5 67. a4 1-0


[Site "https://www.chess.com"]

[Event "Titled Tuesday Blitz May 10 Early 2022"]
[White "Barria Zuniga, Daniel"]
[Black "Baches Garcia, Guillermo"]
[WhiteFideId "3400816"]
[BlackFideId "2209764"]
[WhiteElo "2414"]
[BlackElo "2526"]
[Result "0-1"]
[Round "08"]
[TimeControl "180+1"]
[Date "2022.05.11"]
[WhiteClock "0:00:08"]
[BlackClock "0:00:17"]

1. c4 Nf6 2. Nc3 e5 3. g3 d5 4. cxd5 Nxd5 5. Bg2 Nb6 6. Nf3 Nc6 7. O-O Be7 8. d3 O-O 9. a4 a5 10. Be3 Re8 11. Rc1 Bf8 12. Nd2 Nd4 13. Nce4 Bd7 14. b3 Bc6 15. Nc4 Nd5 16. Bd2 Bb4 17. e3 Nf5 18. Qg4 Nd6 19. Qe2 f5 20. Nc3 Nxc3 21. Bxc3 Bxg2 22. Kxg2 Bxc3 23. Rxc3 Nxc4 24. Rxc4 Qd5+ 25. Qf3 e4 26. dxe4 fxe4 27. Qg4 h5 28. Qe2 c6 29. Rd1 Qf5 30. Rdd4 h4 31. h3 hxg3 32. fxg3 Re6 33. Qg4 Qxg4 34. hxg4 Rae8 35. Rc5 Re5 36. Rxe5 Rxe5 37. Rd7 b5 38. Rd6 Rc5 39. Rd4 Rc2+ 40. Kh3 Rc3 41. axb5 cxb5 42. b4 a4 43. Rxe4 a3 44. Re8+ Kf7 45. Ra8 Rxe3 46. Ra6 g5 47. Kg2 Rb3 48. Kh2 Rb2+ 49. Kg1 a2 0-1


[Site "https://www.chess.com"]

[Event "Titled Tuesday Blitz May 10 Early 2022"]
[White "Belenkaya, Dina"]
[Black "De Arruda, Leandro Formes"]
[WhiteFideId "24142654"]
[BlackFideId "22722009"]
[WhiteElo "2196"]
[BlackElo "1852"]
[Result "0-1"]
[Round "08"]
[TimeControl "180+1"]
[Date "2022.05.11"]
[WhiteClock "0:00:53"]
[BlackClock "0:00:45"]

1. e4 e6 2. d4 d5 3. e5 c5 4. c3 Nc6 5. Nf3 Qb6 6. Nbd2 cxd4 7. cxd4 Nxd4 8. Bd3 Nc6 9. O-O Nge7 10. Nb3 Ng6 11. Re1 Bb4 12. Bd2 Bxd2 13. Qxd2 a5 14. Rac1 O-O 15. Nc5 Qb4 16. Qg5 Qxb2 17. h4 f6 18. Qg3 Ngxe5 19. Nxe5 Nxe5 20. Bb1 b6 21. Nb3 Ra7 22. f4 Nc4 23. Qd3 f5 24. Rc2 Qf6 25. Nd4 Qxh4 26. Nxe6 Qxe1+ 27. Kh2 Qxe6 28. Re2 Qh6+ 29. Kg1 Qxf4 30. Qxd5+ Kh8 31. Rf2 Qc1+ 32. Rf1 Qe3+ 33. Kh1 Raf7 34. Qxc4 Rf6 0-1


[Site "https://www.chess.com"]

[Event "Titled Tuesday Blitz May 10 Early 2022"]
[White "Bilych, Olexiy"]
[Black "Vusatiuk, Vladimir"]
[WhiteFideId "14156504"]
[BlackFideId "14118610"]
[WhiteElo "2176"]
[BlackElo "2157"]
[Result "1-0"]
[Round "08"]
[TimeControl "180+1"]
[Date "2022.05.11"]
[WhiteClock "0:00:26"]
[BlackClock "0:00:06"]

1. e4 e6 2. d4 d5 3. Nc3 Bb4 4. e5 c5 5. a3 Ba5 6. b4 cxd4 7. Qg4 Ne7 8. Qxg7 Rg8 9. Qxh7 Bc7 10. Nb5 a6 11. Nxd4 Bxe5 12. Ngf3 Qc7 13. Nxe5 Qxe5+ 14. Be3 Nbc6 15. O-O-O Bd7 16. Kb1 O-O-O 17. g3 Ng6 18. Qh3 Qc7 19. Qg2 e5 20. Nb3 d4 21. Bc1 Be6 22. Bd3 Bd5 23. Be4 Nh4 24. Qh3+ Be6 25. Qxh4 Nxb4 26. axb4 Rg4 27. Qh7 Bxb3 28. cxb3 Qc3 29. Qf5+ Kb8 30. Qxg4 Qxb3+ 31. Bb2 Rc8 32. Rc1 Rc3 33. Rxc3 dxc3 34. Qe2 Qxb4 35. Rc1 cxb2 36. Rc2 Qb5 37. Rxb2 1-0


[Site "https://www.chess.com"]

[Event "Titled Tuesday Blitz May 10 Early 2022"]
[White "Bintang, Rasyid A. Hidayat"]
[Black "Martic, Ivan"]
[WhiteFideId "7105355"]
[BlackFideId "929301"]
[WhiteElo "2461"]
[BlackElo "2317"]
[Result "0-1"]
[Round "08"]
[TimeControl "180+1"]
[Date "2022.05.11"]
[WhiteClock "0:00:27"]
[BlackClock "0:00:16"]

1. d4 d5 2. Bf4 Nf6 3. e3 c5 4. Nf3 Nc6 5. Nbd2 cxd4 6. exd4 Bg4 7. c3 e6 8. Qb3 Qc8 9. Bb5 Nd7 10. O-O a6 11. Bd3 Be7 12. Rfe1 O-O 13. h3 Bh5 14. Qc2 Bg6 15. Bxg6 hxg6 16. a4 b5 17. Qd3 Qb7 18. b4 bxa4 19. Rxa4 Nb6 20. Ra2 a5 21. bxa5 Rxa5 22. Rxa5 Nxa5 23. Bg5 Nac4 24. Bxe7 Qxe7 25. Nxc4 Nxc4 26. Ne5 Nd6 27. c4 dxc4 28. Nxc4 Nxc4 29. Qxc4 Qd7 30. Rd1 Rd8 31. h4 Qd5 32. Qe2 e5 33. h5 g5 34. Qg4 exd4 35. Rd3 Qe5 36. g3 Kh8 37. Qf3 Kg8 38. Qg4 Qf6 39. Kg2 Rd6 40. Rf3 Qe7 41. Qc8+ Rd8 42. Qf5 f6 43. g4 Qd7 44. Qg6 Qxg4+ 45. Rg3 Qd7 46. h6 d3 47. Rh3 d2 48. hxg7 Qxh3+ 49. Kxh3 d1=Q 50. Qxf6 Rd3+ 51. Kg2 Qg4+ 52. Kf1 Rd1# 0-1


[Site "https://www.chess.com"]

[Event "Titled Tuesday Blitz May 10 Early 2022"]
[White "Bortnyk, Olexandr"]
[Black "Santos Ruiz, Miguel"]
[WhiteFideId "14120828"]
[BlackFideId "22291482"]
[WhiteElo "2723"]
[BlackElo "2486"]
[Result "1-0"]
[Round "08"]
[TimeControl "180+1"]
[Date "2022.05.10"]
[WhiteClock "0:00:29"]
[BlackClock "0:00:18"]

1. d4 Nf6 2. Nc3 d5 3. Bf4 c5 4. e4 cxd4 5. Qxd4 Nc6 6. Qa4 dxe4 7. Nb5 e5 8. Bxe5 Nxe5 9. Nc7+ Ke7 10. Nxa8 Bd7 11. Qxa7 Ke6 12. O-O-O Bd6 13. Nb6 Bc5 14. Qxb7 Qxb6 15. Qxb6+ Bxb6 16. Nh3 Rc8 17. Be2 Ke7 18. Rhf1 Bxh3 19. gxh3 Ng6 20. Kb1 Nf4 21. Bg4 Rc7 22. Rde1 Kd6 23. Bf5 Re7 24. a4 g6 25. Bc8 Ke5 26. c3 Rc7 27. Ba6 N6d5 28. h4 f5 29. Rd1 Nh3 30. Rd2 Ndf4 31. Kc2 Rc6 32. Bb5 Rd6 33. b4 Rxd2+ 34. Kxd2 Nxf2 35. a5 e3+ 36. Kc2 Ba7 37. Bc4 Ke4 38. b5 e2 39. Bxe2 Nxe2 40. b6 Bb8 41. Rxf2 Ke3 42. Rxe2+ Kxe2 43. a6 f4 44. a7 f3 45. axb8=Q f2 46. Qe5+ 1-0


[Site "https://www.chess.com"]